Khakisalad, lawful female human Samurai |... ----.| --(..-- --....-- ......--- ---......| ......I.I. |.......-- -....)...--- |.......| |..))......---.......--- --.--................... --...|.--*|..... .*... ---------... .<. .). ... Khakisalad the Ronin Experience level: 4 Strength: 13 Dexterity: 15 Constitution: 18 Intelligence: 10 Wisdom: 8 Charisma: 11 Health: 0(43) Energy: 13(13) Def: 6 Gold: 384 Moves: 1107 Dungeon seed: qaVRDSjIzyNM385L Game ID: Khakisalad_1559933100 Your Inventory: Coins $ - 384 gold pieces Weapons a - a +0 katana (weapon in hand) b - a +0 wakizashi (alternate weapon; not wielded) c - a +0 yumi d - 35 +0 ya (in quiver) l - a +0 boomerang s - 2 +0 daggers t - 14 +0 darts w - a blessed +0 aklys x - a +0 arrow Armor e - an uncursed rustproof +0 splint mail (being worn) Comestibles j - an uncursed tin of fox meat Scrolls f - an uncursed scroll of food detection g - an uncursed scroll of confuse monster i - an uncursed scroll of enchant armor Spellbooks h - an uncursed spellbook of magic missile p - an uncursed spellbook of force bolt Potions o - an uncursed potion of restore ability r - an uncursed potion of confusion v - an uncursed potion of gain ability Rings u - an uncursed ring of conflict Wands m - a wand of digging (0:5) Tools y - an uncursed partly used tallow candle (lit) (0:77) z - an uncursed skeleton key Spells and supernatural/magical abilities: Name Level Category Fail Memory W - pray for help -- divine ? -- Your skills at the end: Fighting Skills martial arts [Basic] Weapon Skills short sword [Basic] long sword [Basic] bow [Basic] Spellcasting Skills Final Attributes: You were piously aligned. You were fast. You are dead. Vanquished creatures: a little dog an acid blob a gas spore a cave spider 8 gnomes 2 geckos a jackal a fox 2 goblins 3 grid bugs 2 bats 2 lichens a newt 26 creatures vanquished. Voluntary challenges: You followed a strict vegan diet. You were an atheist. You used a wielded weapon 27 times, starting on turn 12. You were illiterate. You never genocided any monsters. You never polymorphed an object. You never changed form. You used no wishes. You never split a pudding. You never wrote Elbereth's name. You never violated your personal moral code. Dungeon overview: The Dungeons of Doom: levels 1 to 3 Level 1 a fountain a long staircase Level 2 an armor shop Level 3 stairs to The Gnomish Mines The Gnomish Mines: levels 4 to 5 Level 4 stairs to The Dungeons of Doom Level 5 <- You were here History has recorded: On T:1 you entered the Dungeons of Doom to retrieve the Amulet of Yendor! On T:299 you reached level 2 of The Dungeons of Doom. On T:331 you reached level 3 of The Dungeons of Doom. On T:342 you advanced to experience level 2. On T:663 you advanced to experience level 3. On T:752 you reached level 1 of The Gnomish Mines. On T:915 you advanced to experience level 4. On T:974 you reached level 2 of The Gnomish Mines. Score breakdown: Gold: 384 ( 8794 points) Experience: 4 levels ( 9649 points) Exploration: 5 levels ( 10.20%) ( 8660 points) Discoveries: 0 items ( 0.00%) ( 0 points) Valuables value: (no points given unless you survive) Artifact value: 0 ( 0 points) Variety of kills: 13 monsters ( 3.41%) ( 5541 points) Turncount: 1107 turns ( 0 points) Survival: died (score multiplied by 80%) Total score: 26115 Latest messages: You stop opening the tin. You stop opening the tin. You faint from lack of food. It touches you! (2x) You come to. You stop opening the tin. You faint from lack of food. It touches you! (2x) You come to. You faint from lack of food. It touches you! It bites! (3x) It just misses! It bites! It touches you! It bites! (2x) It just misses! It bites! It just misses! It bites! It touches you! It bites! (3x) You die... Final status: Sayonara Khakisalad the Samurai, killed by a little dog, while fainted from lack of food... You died in The Gnomish Mines on dungeon level 5 with 26115 points, and 384 pieces of gold, after 1107 moves. You were level 4 with a maximum of 43 hit points when you died.